 Dungeon Crawl Stone Soup version 0.29.0-4-gdea44cf6ec (webtiles) character file.

Game seed: 6682626335401588577

58 qw the Chopper (level 4, -2/26 HPs)
             Began as a Tengu Warper on Aug 28, 2022.
             Killed from afar by Natasha (3 damage)
             ... with a magic dart
             ... on level 2 of the Dungeon.
             The game lasted 00:00:05 (1222 turns).

qw the Chopper (Tengu Warper)                       Turns: 1222, Time: 00:00:06

Health: -2/26      AC:  5    Str: 13    XL:     4   Next: 1%
Magic:  8/8        EV: 11    Int: 14    God:
Gold:   61         SH:  0    Dex: 13    Spells: 7/7 levels left

rFire   . . .      SeeInvis +   Y - +1 hand axe
rCold   . . .      Faith    .   (no shield)
rNeg    . . .      Spirit   .   m - +0 ring mail
rPois   .          Reflect  .   (helmet restricted)
rElec   .          Harm     .   (no cloak)
rCorr   .          Rampage  .   (no gloves)
Will    .....                   (boots unavailable)
Stlth   +.........              (no amulet)
HPRegen 0.08/turn               l - ring of see invisible
MPRegen 0.11/turn               (no ring)

@: no status effects
A: beak, talons 3
a: no special abilities


You were on level 2 of the Dungeon.
You visited 1 branch of the dungeon, and saw 2 of its levels.

You collected 61 gold pieces.


Innate Abilities, Weirdness & Mutations

You have a beak for a mouth.
You have claws for feet.


   Skills:
 - Level 2.0 Fighting
 + Level 4.6 Axes
 - Level 1.0 Throwing
 - Level 1.1 Armour
 - Level 2.1 Dodging
 - Level 2.0 Spellcasting
 - Level 2.4 Translocations


You had 7 spell levels left.
You didn't know any spells.
Your spell library contained the following spells:

 Spells                   Type           Power      Damage    Failure   Level
 Blink                    Tloc           16%        N/A       28%         2
 Gell's Gravitas          Tloc           8%         N/A       50%         3
 Lesser Beckoning         Tloc           8%         N/A       50%         3
 Teleport Other           Tloc           8%         N/A       50%         3
 Manifold Assault         Tloc           8%         N/A       99%         5

Inventory:

Hand Weapons
 g - a +0 club
 Y - a +1 hand axe (weapon)
Missiles
 i - 2 boomerangs (quivered)
Armour
 m - a +0 ring mail (worn)
Jewellery
 l - a ring of see invisible (left hand)
Scrolls
 a - a scroll of identify
Potions
 f - a potion of brilliance {unknown}
 j - a potion of degeneration {unknown}
 k - a potion of flight {unknown}

Dungeon Overview and Level Annotations

Branches:
Dungeon (2/15)

Altars:

Annotations:
D:2 Natasha


Message History

You feel sick. The adder bites you.
You are more poisoned.
The adder poisons you! The adder bites you but does no damage.
You miss the adder. Your kick misses the adder. Your peck misses the adder.
The adder is severely wounded.
You feel sick. The adder closely misses you.
You closely miss the adder. Your kick misses the adder.
The adder is severely wounded.
You feel sick. The adder closely misses you.
The adder bites you but does no damage.
You closely miss the adder. Your peck misses the adder.
The adder is severely wounded.
You feel sick. The adder bites you but does no damage.
You hit the adder. You claw the adder. You punch the adder.
You kill the adder!
You feel sick.
You have reached level 4!
You feel clever.
You start resting.
You feel sick. x2
You are no longer poisoned.
Natasha, Servant of Life and Death comes into view.
Natasha hisses angrily.
Natasha stares at you and mumbles some strange words.
The magic dart hits you.
You completely miss Natasha. You claw Natasha, but do no damage.
Natasha hisses.
Natasha claws you.
You slash Natasha! You claw Natasha. Your peck misses Natasha.
Natasha is severely wounded.
Natasha claws you.
You hit Natasha. Your peck misses Natasha.
Natasha is almost dead.
Natasha mumbles some strange words.
Natasha shimmers violently.
Natasha barely misses you.
You barely miss Natasha.
Natasha is almost dead.
Natasha casts a spell at you. The magic dart hits you.
You die...

########## #........#
#........####
######...........#
##..............#.####
##.....................
#.$..).............###.
#....h@................
.........%?..###.#.....#
............####.#....#.
..................#..#..
...........###.....###..
....................###.
............#.......#..#
.#...........>.....#....
...........<%.##.....


You could see Natasha.

Vanquished Creatures
  Natasha (D:2)
  2 adders (D:2)
  A worm (D:2)
  A ball python (D:2)
  3 bats (D:1)
  An endoplasm (D:1)
  A giant cockroach (D:1)
  2 goblins (D:1)
  2 kobolds (D:1)
  3 rats (D:1)
17 creatures vanquished.

Notes
Turn   | Place    | Note
-------+----------+-------------------------------------------
     0 | D:1      | qw the Tengu Warper began the quest for the Orb.
     0 | D:1      | Reached XP level 1. HP: 12/12 MP: 4/4
     0 | D:1      | 0 ||| qw: Version: 0.1-a-89-g26bdef1
     0 | D:1      | 0 ||| qw: Game counter: 1835
     0 | D:1      | 0 ||| qw: Always use a shield: true
     0 | D:1      | 0 ||| qw: God list: Okawaru
     0 | D:1      | 0 ||| qw: Allow faded altars: false
     0 | D:1      | 0 ||| qw: Do Orc after D:15 true
     0 | D:1      | 0 ||| qw: Do second Lair branch before Depths: true
     0 | D:1      | 0 ||| qw: Lair rune preference: random
     0 | D:1      | 0 ||| qw: Plans: Normal
     0 | D:1      | 0 ||| PLANNING D:1-11
   115 | D:1      | Found a faded altar of an unknown god.
   196 | D:1      | Reached XP level 2. HP: 17/17 MP: 6/6
   203 | D:1      | Reached skill level 3 in Axes
   540 | D:1      | 540 ||| UPGRADING to +0 ring mail.
   550 | D:1      | 550 ||| DROPPING +0 leather armour.
   551 | D:1      | 551 ||| UPGRADING to ring of see invisible.
   552 | D:1      | 552 ||| READING scroll labelled QATURPH ZESM.
   553 | D:1      | 553 ||| READING scroll labelled QOAGUL FOSHRE.
   558 | D:1      | 558 ||| READING scroll labelled PUEZEA PALUSYU.
   559 | D:1      | 559 ||| DROPPING scroll of blinking.
   586 | D:2      | 586 ||| Stepping ~*~*~tactically~*~*~ (stealth).
   588 | D:2      | 588 ||| STAIRDANCE
   755 | D:2      | HP: 2/17 [adder (4)]
   757 | D:2      | Reached XP level 3. HP: 2/21 MP: 7/7
   757 | D:2      | 757 ||| STAIRDANCE
  1044 | D:2      | Noticed Natasha
  1045 | D:2      | 1045 ||| Stepping ~*~*~tactically~*~*~ (hiding).
  1051 | D:2      | Killed Natasha
  1052 | D:2      | Reached skill level 4 in Axes
  1119 | D:2      | HP: 5/21 [poisoned by an adder]
  1121 | D:2      | Reached XP level 4. HP: 6/26 MP: 8/8
  1215 | D:2      | Noticed Natasha
  1219 | D:2      | HP: 4/26 [Natasha (6)]
  1220 | D:2      | HP: 1/26 [Natasha (3)]
  1222 | D:2      | Killed from afar by Natasha

Levels and vault maps discovered:
D:1:      ncdulo_lavacross, layout_basic, ebering_ecumenical_altar_petrified
D:2:      layout_rooms, nrook_loot_triangle, minmay_misc_feat_chi, uniq_sigmund,
          uniq_natasha, uniq_jessica

Skill      XL: |  1  2  3 |
---------------+----------+-----
Axes           | 3 4 |  4.6
Fighting       | |  2.0
Throwing       | |  1.0
Armour         | |  1.1
Dodging        | |  2.1
Spellcasting   | |  2.0
Translocations | |  2.4

Action                   |  1- 3 |  4- 6 || total
-------------------------+-------+-------++-------
Melee: Hand axe          |    41 |     4 ||    45
       Peck              |     4 |       ||     4
       Kick              |     8 |     2 ||    10
       Punch             |     1 |       ||     1
Throw: Boomerang         |    27 |       ||    27
  Use: Scroll            |     3 |       ||     3
Armor: Leather armour    |     4 |       ||     4
       Ring mail         |    13 |       ||    13
Dodge: Dodged            |    15 |     1 ||    16

Table legend:
 A = Non-vault XP
 B = Vault XP
 C = Vault XP percentage of total XP
 D = Non-vault monster count
 E = Vault monster count
 F = Vault count percentage of total count
                 A         B        C        D         E       F
            +---------+---------+-------+---------+---------+-------
      Total |      51 |      32 |  38.6 |      16 |       1 |   5.9
            +---------+---------+-------+---------+---------+-------
        D:1 |      17 |       0 |   0.0 |      12 |       0 |   0.0
        D:2 |      34 |      32 |  48.5 |       4 |       1 |  20.0
            +---------+---------+-------+---------+---------+-------
